 Dungeon Crawl Stone Soup version 0.30-a0-458-g86641cc369 (webtiles) character file.

Game seed: 15432241902129454587

71708 NinjaNoafa the Convoker (level 14, -5/66 HPs)
             Began as a Felid Summoner on Dec 14, 2022.
             Was an Initiate of Gozag.
             Killed from afar by a swamp worm (21 damage)
             ... with a harpoon shot
             ... on level 4 of the Swamp on Dec 15, 2022.
             The game lasted 01:43:43 (37657 turns).

NinjaNoafa the Convoker (Felid Summoner)           Turns: 37657, Time: 01:43:44

Health: -5/66      AC:  5    Str:  4    XL:     14   Next: 98%
Magic:  5/33       EV: 27    Int: 29    God:    Gozag
Gold:   4119       SH:  2    Dex: 16    Spells: 1/41 levels left
                                        Lives:  0   Deaths: 4

rFire   + . .      SeeInvis +      - Unarmed
rCold   + . .      Faith    .    (shield unavailable)
rNeg    + . .      Spirit   .    (body armour unavailable)
rPois   .          Reflect  .    (helmet unavailable)
rElec   .          Harm     .    (cloak unavailable)
rCorr   .          Rampage  .    (gloves unavailable)
Will    ++...                    (boots unavailable)
Stlth   +.........               y - amulet of magic regeneration
HPRegen 0.31/turn                U - +6 ring of intelligence
MPRegen 0.63/turn                C - ring of the Octopus King {rN+ HP+2 AC+2 EV+2 SH+2}

@: forested, very slow
A: very small, claws 1, fangs 3, see invisible, speed 1, shaggy fur 3, stealthy
paws, no weapons or thrown items, no armour, multi-lived, clumsy 1, fire
resistance 1
a: Renounce Religion, Potion Petition, Call Merchant, Bribe Branch


You were on level 4 of the Swamp.
You worshipped Gozag.
Gozag was most pleased with you.
You visited 6 branches of the dungeon, and saw 28 of its levels.
You also visited: Ossuary and Gauntlet.

You collected 13406 gold pieces.
You spent 6317 gold pieces at shops.
You paid 2970 gold pieces to Gozag.

Inventory:

Armour
 M - a +0 pair of gloves
Jewellery
 e - the ring "Feareu" {Fire rCorr Dex+4 SInv}
   (You found it on level 2 of the Dungeon)

   [ring of fire]

   It enhances your fire magic.
   Dex:       It affects your dexterity (+4).
   rF:        It protects you from fire.
   rC:        It makes you vulnerable to cold.
   SInv:      It lets you see invisible.
   rCorr:     It protects you from acid and corrosion.
 n - a ring of flight
 s - a ring of willpower
 y - an amulet of magic regeneration (around neck)
 C - a ring of the Octopus King (right paw) {rN+ HP+2 AC+2 EV+2 SH+2}
   (You bought it in a shop on level 8 of the Dungeon)

   [ring of positive energy]

   AC:        It affects your AC (+2).
   EV:        It affects your evasion (+2).
   rN:        It protects you from negative energy.
   HP:        It affects your health (+2).
   SH:        It affects your SH (+2).
 O - a ring of poison resistance
 U - a +6 ring of intelligence (left paw)
Wands
 i - a wand of light (24)
 G - a wand of iceblast (6)
 I - a wand of polymorph (12)
 K - a wand of mindburst (16)
 L - a wand of flame (16)
 N - a wand of charming (18)
 S - a wand of digging (5)
Scrolls
 b - 5 scrolls of silence
 c - 4 scrolls of fog
 d - 3 scrolls of immolation
 f - 3 scrolls of poison
 m - a scroll of noise
 p - 9 scrolls of teleportation
 q - 8 scrolls of fear
 A - 13 scrolls of identify
 E - 7 scrolls of blinking
 J - 6 scrolls of magic mapping
 Q - a scroll of torment
Potions
 a - 6 potions of magic
 g - 4 potions of lignification
 h - 8 potions of degeneration
 j - 6 potions of attraction
 k - 21 potions of curing
 l - 2 potions of invisibility
 r - 5 potions of ambrosia
 t - 3 potions of berserk rage
 u - 5 potions of haste
 w - 5 potions of heal wounds
 x - 9 potions of brilliance
 z - 5 potions of might
 B - 3 potions of mutation
 D - 3 potions of resistance
 F - a potion of flight
Miscellaneous
 v - a box of beasts
 H - a tin of tremorstones (2/2)
 P - a phial of floods
 R - a lightning rod (4/4)


   Skills:
 - Level 9.3 Fighting
 - Level 12.4 Dodging
 - Level 2.6 Stealth
 - Level 4.3 Unarmed Combat
 - Level 14.0 Spellcasting
 + Level 10.4 Hexes
 - Level 16.0 Summonings
 + Level 10.4 Translocations
 - Level 8.2 Transmutations
 - Level 9.0 Air Magic
 - Level 11.0 Evocations


You had one spell level left.
You knew the following spells:

 Your Spells              Type           Power      Damage    Failure   Level
a - Tukima's Dance        Hex            69%        N/A       1%          3
b - Yara's Violent Unrav  Hex/Tmut       32%        3d13      1%          5
c - Summon Hydra          Summ           42%        N/A       3%          7
d - Summon Guardian Gole  Hex/Summ       77%        N/A       1%          3
e - Summon Lightning Spi  Summ/Air       75%        N/A       1%          4
f - Summon Mana Viper     Hex/Summ       77%        N/A       1%          5
g - Summon Cactus Giant   Summ           42%        N/A       1%          6
h - Blink                 Tloc           100%       N/A       1%          2
i - Summon Forest         Summ/Tloc      38%        N/A       1%          5

Your spell library contained the following spells:

 Spells                   Type           Power      Damage    Failure   Level
 Summon Small Mammal      Summ           100%       N/A       0%          1
 Sting                    Tmut/Pois      100%       1d8       1%          1
 Magic Dart               Conj           80%        1d7       2%          1
 Necrotise                Necr           80%        1d8       2%          1
 Sandblast                Erth           40%        2d10      2%          1
 Call Imp                 Summ           85%        N/A       0%          2
 Call Canine Familiar     Summ           85%        N/A       0%          3
 Cigotuvi's Dreadful Rot  Necr/Pois/Air  74%        N/A       1%          2
 Passwall                 Tmut/Erth      36%        N/A       1%          2
 Poisonous Vapours        Pois/Air       92%        N/A       1%          2
 Wereblood                Tmut           62%        N/A       1%          2
 Dazzling Flash           Conj/Hex       100%       N/A       1%          3
 Gell's Gravitas          Tloc           69%        N/A       1%          3
 Kindle Blastsparks       Fire/Tloc/Air  100%       2d18      1%          3
 Lesser Beckoning         Tloc           100%       N/A       1%          3
 Teleport Other           Tloc           69%        N/A       1%          3
 Cause Fear               Hex            34%        N/A       1%          4
 Manifold Assault         Tloc           69%        N/A       1%          4
 Passage of Golubria      Tloc           69%        N/A       1%          4
 Summon Ice Beast         Ice/Summ       61%        N/A       1%          4
 Silence                  Hex/Air        33%        N/A       1%          5
 Ignite Poison            Fire/Tmut/Pois 36%        N/A       2%          3
 Mephitic Cloud           Conj/Pois/Air  37%        N/A       2%          3
 Sublimation of Blood     Necr           20%        N/A       3%          2
 Anguish                  Hex/Necr       25%        N/A       3%          4
 Dispersal                Tloc           34%        N/A       5%          6
 Hailstorm                Conj/Ice       20%        3d6       8%          3
 Stone Arrow              Conj/Erth      40%        3d9       8%          3
 Vampiric Draining        Necr           20%        2d7       8%          3
 Lightning Bolt           Conj/Air       23%        1d38      11%         5
 Freezing Cloud           Conj/Ice/Air   18%        6-21      21%         5
 Dispel Undead            Necr           20%        3d11      24%         4
 Olgreb's Toxic Radiance  Pois           20%        N/A       24%         4
 Conjure Ball Lightning   Conj/Air       23%        3x3d6     52%         6
 Storm Form               Tmut/Air       31%        N/A       52%         7
 Agony                    Necr           20%        N/A       56%         5
 Borgnjor's Vile Clutch   Necr/Erth      10%        N/A       56%         5
 Fireball                 Conj/Fire      10%        3d6       56%         5
 Iskenderun's Battlesphe  Conj           20%        2d7       56%         5
 Haunt                    Necr/Summ      30%        N/A       61%         7
 Spellforged Servitor     Conj/Summ      30%        N/A       61%         7
 Death Channel            Necr           10%        N/A       98%         6
 Orb of Destruction       Conj           10%        9d6       100%        7
 Ozocubu's Refrigeration  Ice            10%        4d9       100%        7
 Ignition                 Fire           10%        3d5       100%        8
 Chain Lightning          Conj/Air       23%        3d30      100%        9


Dungeon Overview and Level Annotations

Branches:
Dungeon (15/15)            Temple (1/1) D:5            Lair (5/5) D:10
  Swamp (4/4) Lair:2       Spider (1/4) Lair:3        Slime (0/5) Lair:4
    Orc (2/2) D:12            Elf (0/3) Orc:2        Vaults (0/5) D:13
 Depths (0/4) D:15        Ossuary (visited)         Gauntlet (visited)

Altars:
Ashenzari
Cheibriados
Dithmenos
Elyvilon
Fedhas
Gozag
Hepliaklqana
Kikubaaqudgha
Makhleb
Nemelex Xobeh
Okawaru
Qazlal
Ru
Sif Muna
Trog
Uskayaw
Vehumet
Wu Jian
Xom
Yredelemnul
Zin
The Shining One
Jiyva

Shops:
D:1 :*:!(   D:3 !   D:8 =   Orc:2 ?*:(   Lair:5 :*:

Annotations:
Swamp:4 Louise, Roxanne


Innate Abilities, Weirdness & Mutations

You have sharp claws.
You have razor-sharp teeth.
You have supernaturally acute eyesight. (SInv)
You cover ground quickly. (Speed+)
Your thick and shaggy fur keeps you warm. (AC +3, rC+)
Your paws help you pounce on unaware monsters.
You are incapable of wielding weapons or throwing items.
You cannot wear armour.
You gain extra lives every three experience levels.
You are clumsy. (Dex -2)
Your flesh is heat resistant. (rF+)


Message History

Splash!
Your snaplasher vine grabs something.
Your snaplasher vine hits something but does no damage.
Your snaplasher vine constricts something.
The eleionoma splashes around in the water.
The swamp worm barely misses you.
Your snaplasher vine hits something!
Your snaplasher vine constricts something.
Really walk into a travel-excluded area? [Y]es or [N]o only, please.
Really walk into a travel-excluded area?
The swamp worm attacks as you move away!
The swamp worm completely misses you.
Your guardian golem overheats!
The eleionoma hurls a spray of splinters at you.
The spray of wooden splinters hits you!!
Ouch! That really hurt!
* * * LOW HITPOINT WARNING * * *
The ghost crab breathes spectral mist at you.
The spectral mist engulfs you but does no damage.
Your snaplasher vine hits Roxanne but does no damage.
Your snaplasher vine constricts Roxanne.
The swamp worm fires a harpoon shot at you.
The harpoon shot misses you.
The harpoon shot hits your snaplasher vine segment!
Your snaplasher vine segment is destroyed!
Your snaplasher vine loses its grip on Roxanne.
Your lightning spire shoots out a bolt of lightning at Roxanne!
The bolt of electricity hits Roxanne.
Roxanne resists.
Your cactus giant is engulfed in spectral mist.
Flame seeps out of your guardian golem.
The ghost crab breathes spectral mist at you.
The spectral mist engulfs you but does no damage.
The eleionoma hurls a spray of splinters at you.
The spray of wooden splinters misses you.
You feel much better.
You are engulfed in spectral mist.
* * * LOW HITPOINT WARNING * * *
The swamp worm fires a harpoon shot at you.
The harpoon shot hits you!!
You die...
Your body crumbles into a pile of gold.

..~§~~~..♣♣♣♣..~~D~~#
~...~...~~~~♣~.@~§D.##
..~~~~~~~§~.~~~~~~..#
..~~~~~~~~~.)~~~~~~~#
..~~~~.§~~~~~~~~~~~~#
^..(~..~~~~~~~~..~.~#
...~~~♣Rw~~~~~.~$~§~#
♣♣♣○☼~~~~§§.$.~~~# .
♣♣♣♣~§@☼~~~~~..~~§~~#
~§.♣♣<.~.§○Z§.~.♣♣.~~~~~~
♣..~.~~~☼☼§○.§§♣♣~.~~~.~~~
♣♣♣♣.~~~~~CR.♣♣t~..~§♣!~~~~
♣~~~~§~~§..♣♣..~~
♣~~~8~~~DS§~♣.§~~
♣♣~....~.9....~~~
♣~~~♣~♣~.8.~.~~~
♣~~..~~~~9....~~~


You could see Roxanne (distracted, ally target), an eleionoma, a ghost crab, a
spectral spriggan berserker (summoned), a swamp worm, a friendly seven-headed
hydra (summoned, sheltered), a friendly dryad (summoned, sheltered), a friendly
mana viper (summoned, sheltered), a friendly cactus giant (summoned, sheltered),
a friendly guardian golem (summoned, inner flame) and a friendly lightning spire
(summoned, sheltered).

Vanquished Creatures
  A black mamba (Lair:5)
  A dancing weapon (D:13)
  2 orc warriors (Orc:2)
  An electric eel (Spider:1)
  An orc wizard (D:13)
  An orc (Orc:1)
  A bat (D:2)
8 creatures vanquished.

Vanquished Creatures (collateral kills)
  Gastronok (Lair:3)
  2 thorn hunters
  A fenstrider witch (Swamp:4)
  A broodmother (Spider:1)
  The ghost of FoghornLeghorn the Impaler, a journeyman OgBe of Trog (Lair:3)
  A stone giant (D:15)
  Nessos (Lair:3)
  3 eleionomae
  The ghost of Bediveer the Martial Artist, a journeyman DsGl of Uskayaw (Lair:5)
  2 bunyips
  An ettin (Orc:1)
  Snorg (Orc:2)
  A fire dragon (shapeshifter) (D:13)
  A rakshasa (D:14)
  15 hydras
  A spriggan air mage (Swamp:4)
  2 ogre magi
  3 catoblepae
  2 ghost crabs
  3 centaur warriors
  5 alligators
  14 two-headed ogres
  2 tengu warriors (D:15)
  4 boulder beetles
  Sonja (D:13)
  5 skeletal warriors (D:14)
  3 goliath frogs
  Amaemon (D:8)
  2 steelbarb worms (Spider:1)
  3 spriggan druids
  An orb spider (Spider:1)
  6 swamp dragons
  A flayed ghost (D:13)
  4 bog bodies
  11 orc knights
  2 deep elf pyromancers
  An oklob plant (Lair:2)
  3 orc sorcerers (Orc:2)
  9 wolf spiders
  2 manticores
  6 ugly things
  6 cyclopes
  A faun (shapeshifter) (D:10)
  3 will-o-the-wisps
  3 slime creatures (D:12)
  10 elephants
  Maurice (D:8)
  A dancing weapon (Orc:2)
  A guardian serpent (Lair:5)
  A gargoyle (D:10)
  11 black mambas
  The ghost of kiwi3s the Cleaver, a novice MiBe of Trog (D:5)
  3 torpor snails
  11 cane toads
  An orange demon (D:8)
  8 komodo dragons
  2 unseen horrors
  2 efreet
  4 yaktaurs
  5 rime drakes
  A tengu conjurer (D:13)
  A kobold demonologist (D:10)
  7 tyrant leeches
  A queen bee (shapeshifter) (D:15)
  5 trolls
  A merfolk (D:14)
  12 polar bears
  20 tarantellas
  7 hornets
  2 dream sheep (Lair:4)
  15 blink frogs
  7 culicivoras
  3 vampires
  6 jumping spiders (Spider:1)
  A water elemental (D:14)
  A centaur simulacrum (D:13)
  6 spriggans
  2 wraiths (D:10)
  Eustachio (D:6)
  7 basilisks
  16 wyverns
  24 yaks
  7 vampire mosquitoes
  11 redbacks
  21 swamp worms
  3 acid dragons
  10 wargs
  25 water moccasins
  15 hell hounds (Lair:5)
  5 swamp drakes
  35 orc warriors
  13 black bears
  13 ogres
  A lemure (D:5)
  22 centaurs
  28 wolves
  5 bullfrogs
  A kobold brigand (D:9)
  3 scorpions
  3 gnoll sergeants
  5 water moccasin zombies (Ossuary)
  11 wights
  A killer bee (D:10)
  4 nameless horrors
  An electric eel (Spider:1)
  9 howler monkeys
  6 hounds
  15 orc priests
  3 jellies
  Crazy Yiuf (D:2)
  9 hell rats
  Natasha (D:2)
  An iguana (D:5)
  28 orc wizards
  2 mummies (Ossuary)
  7 gnolls
  8 adders
  2 shadow imps
  A white imp (D:6)
  2 ufetubi
  5 adder zombies (Ossuary)
  A worm (D:2)
  4 dart slugs
  83 orcs
  2 bats
  12 endoplasms
  3 giant cockroaches
  4 goblins
  5 hobgoblins
  3 jackals (D:3)
  12 kobolds
  2 quokkas
  3 ball pythons
  5 frilled lizards
  3 gnoll zombies (Ossuary)
  3 hobgoblin zombies (Ossuary)
  2 kobold zombies (Ossuary)
  8 orc zombies (Ossuary)
  5 rats
  4 briar patches (Swamp:1)
  7 bushes
  A butterfly (Lair:4)
866 creatures vanquished.

Vanquished Creatures (others)
  A two-headed ogre (D:13)
  An ogre mage (D:13)
  A bog body (Lair:2)
  Pikel (D:5)
  2 orc knights (Orc:2)
  A deep elf pyromancer (D:13)
  A torpor snail (Lair:4)
  2 black mambas (Lair:5)
  A cane toad (Lair:2)
  A tengu conjurer (D:10)
  2 bloated husks
  A tyrant leech (Swamp:3)
  A blink frog (Lair:1)
  A wraith (D:9)
  A wyvern (Lair:5)
  A steam dragon (D:6)
  5 dancing weapons
  2 water moccasins
  2 orc warriors
  An ogre (D:15)
  A wolf (Lair:2)
  A necrophage (D:5)
  A wight (D:8)
  3 killer bees (Temple)
  An orc priest (Orc:1)
  An iguana (D:5)
  An orc wizard (D:8)
  3 orcs
  A butterfly (Lair:4)
  26 foxfires
  57 fungi
  143 plants
  15 snaplasher vines
283 creatures vanquished.

Grand Total: 1157 creatures vanquished

Notes
Turn   | Place    | Note
-------+----------+-------------------------------------------
     0 | D:1      | NinjaNoafa the Felid Summoner began the quest for the Orb.
     0 | D:1      | Reached XP level 1. HP: 7/7 MP: 4/4
    57 | D:1      | Found Lilow's Book Emporium.
   203 | D:1      | Reached XP level 2. HP: 6/11 MP: 3/6
   247 | D:1      | Found Qoq Upt's Assorted Antiques.
   258 | D:1      | Found Kuhel's Book Shoppe.
   457 | D:1      | Found Fagelis's Antique Weapon Shoppe.
   549 | D:1      | Found Biphafuk's Distillery.
   574 | D:1      | Found a faded altar of an unknown god.
  1402 | D:2      | Reached XP level 3. HP: 12/14 MP: 1/8
  1531 | D:2      | Noticed Natasha
  1610 | D:1      | Learned a level 2 spell: Call Imp
  1615 | D:1      | Learned a level 3 spell: Call Canine Familiar
  1663 | D:2      | Noticed a nameless horror
  1669 | D:2      | Killed a nameless horror
  1822 | D:2      | Identified the ring "Feareu" {Fire rCorr Dex+4 SInv}
  1932 | D:2      | Found a runed translucent door.
  1933 | D:2      | Noticed Crazy Yiuf
  2021 | D:2      | Killed Natasha
  2022 | D:2      | Reached XP level 4. HP: 18/18 MP: 6/9
  2108 | D:2      | Found a shimmering altar of Xom.
  2311 | D:2      | Killed from afar by Crazy Yiuf
  2312 | D:2      | Reached XP level 3. HP: -13/14 MP: 1/8
  2420 | D:3      | Reached skill level 5 in Summonings
  2525 | D:3      | Found a sparkling altar of Nemelex Xobeh.
  2543 | D:3      | Found a radiant altar of Vehumet.
  2549 | D:3      | Found an ornate altar of the Wu Jian Council.
  2549 | D:3      | Found a hazy altar of Hepliaklqana.
  2620 | D:3      | Found Cuamaylo's Distillery.
  2645 | D:3      | Bought a potion of degeneration for 12 gold pieces
  2810 | D:3      | Reached XP level 4. HP: 18/18 MP: 3/10
  2885 | D:3      | Found a shadowy altar of Dithmenos.
  3021 | D:3      | Found a shimmering blue altar of Sif Muna.
  3340 | D:4      | Noticed a black bear
  3351 | D:4      | Killed a black bear
  3352 | D:4      | Reached XP level 5. HP: 21/21 MP: 4/12
  3621 | D:4      | Learned a level 3 spell: Summon Guardian Golem
  3769 | D:4      | Reached skill level 1 in Hexes
  3840 | D:4      | Gained mutation: You are covered in thick fur. (AC +2)
                  | [Felid growth]
  3840 | D:4      | Reached XP level 6. HP: 24/24 MP: 8/13
  4181 | D:4      | Reached skill level 6 in Summonings
  4901 | D:5      | Entered Level 5 of the Dungeon
  5047 | D:5      | Found a sacrificial altar of Ru.
  5174 | D:5      | Found a staircase to the Ecumenical Temple.
  5191 | Temple   | Entered the Ecumenical Temple
  5387 | Temple   | Reached skill level 5 in Spellcasting
  5387 | Temple   | Reached XP level 7. HP: 27/27 MP: 12/15
  5726 | D:5      | Found a runed translucent gate.
  5726 | D:5      | Found a runed translucent gate.
  5726 | D:5      | Found a runed translucent gate.
  5730 | D:5      | Noticed a two-headed ogre
  5730 | D:5      | Noticed kiwi3s's ghost (novice MiBe)
  5762 | D:5      | Reached skill level 5 in Hexes
  6173 | D:5      | Reached skill level 7 in Summonings
  6249 | D:5      | Noticed Pikel
  6295 | D:5      | Killed Pikel
  6296 | D:5      | Reached XP level 8. HP: 31/31 MP: 8/18
  6502 | D:6      | Reached skill level 8 in Summonings
  6747 | D:6      | Learned a level 3 spell: Tukima's Dance
  6820 | D:6      | Reached skill level 1 in Fighting
  6996 | D:6      | Noticed Eustachio
  7028 | D:6      | Found an opulent altar of Gozag.
  7042 | D:6      | Became a worshipper of Gozag Ym Sagoz the Greedy
  7162 | D:6      | Killed Eustachio
  7248 | D:6      | Found a sand-covered staircase.
  7253 | Ossuary  | Entered an ossuary
  7525 | Ossuary  | Reached XP level 9. HP: 36/36 MP: 16/20
  7733 | D:6      | Identified a scroll of acquirement
  8019 | D:7      | Reached skill level 5 in Dodging
  8108 | D:7      | Learned a level 4 spell: Summon Lightning Spire
  8205 | D:7      | Reached skill level 1 in Air Magic
  9119 | D:8      | Noticed Maurice
  9229 | D:8      | Killed Maurice
  9230 | D:8      | Reached skill level 5 in Air Magic
  9621 | D:8      | Found a glowing silver altar of Zin.
  9711 | D:8      | Noticed an orange demon
  9712 | D:8      | Noticed Amaemon
  9779 | D:8      | Killed an orange demon
  9780 | D:8      | Reached XP level 10. HP: 42/42 MP: 12/22
  9793 | D:8      | Killed Amaemon
  9794 | D:8      | Reached skill level 9 in Summonings
  9905 | D:8      | Learned a level 5 spell: Summon Mana Viper
 10208 | D:8      | Found Cafilopi's Jewellery Emporium.
 10216 | D:8      | Bought an amulet of magic regeneration for 360 gold pieces
 10475 | D:9      | Found a hide-covered altar of Uskayaw.
 10480 | D:9      | Found a white marble altar of Elyvilon.
 10625 | D:9      | Noticed a two-headed ogre
 10634 | D:9      | Killed a two-headed ogre
 10789 | D:9      | Reached skill level 10 in Hexes
 11242 | D:9      | Found a broken altar of Ashenzari.
 11301 | D:10     | Entered Level 10 of the Dungeon
 11421 | D:10     | Noticed a gargoyle
 11435 | D:10     | Killed a gargoyle
 11519 | D:10     | Found a staircase to the Lair.
 11526 | D:10     | Reached XP level 11. HP: 45/45 MP: 20/24
 11545 | D:10     | Noticed a two-headed ogre
 11556 | D:10     | Killed a two-headed ogre
 11732 | D:10     | Found a shimmering altar of Xom.
 11776 | D:10     | Reached skill level 10 in Summonings
 12174 | D:10     | Learned a level 5 spell: Summon Forest
 12264 | D:11     | Reached skill level 1 in Translocations
 12377 | D:11     | Found a gate leading to a gauntlet.
 12396 | Gauntlet | Entered a Gauntlet
 12396 | Gauntlet | Found a transporter.
 12396 | Gauntlet | Found a transporter.
 12408 | Gauntlet | Found a transporter.
 12421 | Gauntlet | Found the +14 obsidian axe {vorpal, Mesm Drain Fly SInv}
 12425 | Gauntlet | Found a transporter.
 12425 | Gauntlet | Found a transporter.
 12427 | Gauntlet | Found a transporter.
 12427 | Gauntlet | Found a transporter.
 12439 | Gauntlet | Found a transporter.
 12440 | Gauntlet | Noticed a catoblepas
 12455 | Gauntlet | Found a transporter.
 12455 | Gauntlet | Noticed a death drake
 12463 | Gauntlet | Found a runed translucent door.
 12465 | Gauntlet | Found a transporter.
 12467 | Gauntlet | Found a runed translucent door.
 12468 | Gauntlet | Noticed a balrug
 12470 | Gauntlet | Found a transporter.
 12497 | Gauntlet | Found a transporter.
 12503 | Gauntlet | Noticed a sixfirhy
 12504 | Gauntlet | Found a transporter.
 12517 | Gauntlet | Found a transporter.
 13039 | D:11     | Noticed a purple ugly thing
 13047 | D:11     | Killed a purple ugly thing
 13256 | D:10     | Noticed a two-headed ogre
 13295 | D:10     | Reached skill level 5 in Translocations
 13384 | D:10     | Noticed a two-headed ogre
 13403 | D:10     | Killed a two-headed ogre
 13626 | D:10     | Killed a two-headed ogre
 13972 | D:2      | Killed Crazy Yiuf
 14152 | D:5      | Killed kiwi3s's ghost
 14157 | D:5      | Killed a two-headed ogre
 14158 | D:5      | Reached skill level 10 in Spellcasting
 14158 | D:5      | Reached skill level 10 in Translocations
 14259 | D:8      | Bought a ring of the Octopus King {rN+ HP+2 AC+2 EV+2 SH+2}
                  | for 676 gold pieces
 14259 | D:8      | Found the ring of the Octopus King {rN+ HP+2 AC+2 EV+2
                  | SH+2}
 14401 | D:1      | Bought a scroll of identify for 48 gold pieces
 14401 | D:1      | Bought a scroll of identify for 48 gold pieces
 14401 | D:1      | Bought a potion of invisibility for 192 gold pieces
 14401 | D:1      | Bought a potion of brilliance for 96 gold pieces
 14452 | D:1      | Bought a potion of resistance for 100 gold pieces
 14452 | D:1      | Bought a potion of curing for 30 gold pieces
 14452 | D:1      | Bought a potion of resistance for 100 gold pieces
 14452 | D:1      | Bought a potion of curing for 30 gold pieces
 14452 | D:1      | Bought a potion of curing for 30 gold pieces
 14452 | D:1      | Bought 2 potions of mutation for 160 gold pieces
 14453 | D:1      | Gained mutation: You are clumsy. (Dex -2) [potion of
                  | mutation]
 14453 | D:1      | Gained mutation: Your flesh is heat resistant. (rF+)
                  | [potion of mutation]
 14699 | Lair:1   | Entered Level 1 of the Lair of Beasts
 14800 | Lair:1   | Reached skill level 1 in Evocations
 14971 | Lair:1   | Gained mutation: Your thick and shaggy fur keeps you warm.
                  | (AC +3, rC+) [Felid growth]
 14971 | Lair:1   | Reached XP level 12. HP: 35/49 MP: 23/27
 14975 | Lair:1   | Noticed a catoblepas
 15107 | Lair:1   | Killed a catoblepas
 15245 | Lair:1   | Reached skill level 5 in Evocations
 15252 | Lair:1   | Learned a level 6 spell: Summon Cactus Giant
 15398 | Lair:1   | Acquired 1032 gold pieces
 15400 | Lair:1   | Acquired 1012 gold pieces
 15402 | Lair:1   | Acquired 841 gold pieces
 15589 | Lair:1   | Found the +4 skin of Zhor {*Englaciate rC+++ SInv}
 16113 | Lair:2   | Identified the +3 ring mail "Kesi" {rElec rN+++ rCorr
                  | Slay-2}
 16297 | Lair:2   | Reached skill level 5 in Fighting
 16549 | D:3      | Bought a potion of curing for 36 gold pieces
 16549 | D:3      | Bought a potion of haste for 120 gold pieces
 16549 | D:3      | Bought a potion of berserk rage for 60 gold pieces
 16549 | D:3      | Bought a potion of curing for 36 gold pieces
 16549 | D:3      | Bought a potion of magic for 96 gold pieces
 16753 | Lair:2   | Found a staircase to the Swamp.
 16767 | Lair:2   | Reached skill level 11 in Summonings
 16936 | Lair:2   | Found a blossoming altar of Fedhas.
 17054 | Lair:2   | Noticed a six-headed hydra
 17064 | Lair:2   | Killed a six-headed hydra
 17236 | Lair:3   | Noticed Gastronok
 17249 | Lair:3   | Killed Gastronok
 17251 | Lair:3   | Noticed a five-headed hydra
 17480 | Lair:3   | Found a runed translucent gate.
 17481 | Lair:3   | Found a runed translucent gate.
 17481 | Lair:3   | Noticed a catoblepas
 17482 | Lair:3   | Found a runed translucent gate.
 17490 | Lair:3   | Noticed FoghornLeghorn's ghost (journeyman OgBe)
 17531 | Lair:3   | Reached XP level 13. HP: 55/55 MP: 21/28
 17688 | Lair:3   | Noticed Nessos
 17701 | Lair:3   | Killed Nessos
 18220 | Lair:3   | Found a hole to the Spider Nest.
 18720 | Lair:3   | Killed FoghornLeghorn's ghost
 18721 | Lair:3   | Reached skill level 12 in Summonings
 18801 | Lair:4   | Found a viscous altar of Jiyva.
 18801 | Lair:4   | Found a staircase to the Slime Pits.
 19733 | Lair:4   | Learned a level 5 spell: Yara's Violent Unravelling
 20269 | Lair:5   | Entered Level 5 of the Lair of Beasts
 20290 | Lair:5   | Reached skill level 1 in Transmutations
 20705 | Lair:5   | Reached skill level 5 in Transmutations
 20780 | Lair:5   | Bought a potion of brilliance for 96 gold pieces
 20810 | Lair:5   | Bought an Inescapable Atlas for 480 gold pieces
 20885 | Lair:5   | Reached XP level 14. HP: 60/60 MP: 26/30
 20979 | Lair:5   | Reached skill level 1 in Unarmed Combat
 21139 | Lair:5   | Found a runed translucent gate.
 21153 | Lair:5   | Noticed Bediveer's ghost (journeyman DsGl)
 21244 | Lair:5   | Found a runed translucent gate.
 21402 | Lair:5   | Reached skill level 13 in Summonings
 21506 | Lair:5   | Found a runed translucent gate.
 22788 | Lair:5   | Learned a level 2 spell: Blink
 22892 | Lair:5   | Reached skill level 14 in Summonings
 23128 | Lair:5   | Reached skill level 10 in Dodging
 23435 | Lair:5   | Killed Bediveer's ghost
 23856 | Spider:1 | Entered Level 1 of the Spider Nest
 23923 | Swamp:1  | Entered Level 1 of the Swamp
 23962 | Swamp:1  | HP: 1/63 [swamp worm (22)]
 23972 | Swamp:1  | Slain by a spriggan rider
 23973 | Swamp:1  | Reached XP level 13. HP: -5/59 MP: 20/30
 24377 | Swamp:1  | Noticed a thorn hunter
 24384 | Swamp:1  | Killed a thorn hunter
 24431 | Swamp:1  | Noticed an eleionoma
 24446 | Swamp:1  | Reached XP level 14. HP: 62/62 MP: 19/31
 24794 | Swamp:1  | Got the Guide on Curses
 25321 | D:1      | Bought a book of Blood for 336 gold pieces
 25832 | D:12     | Found a staircase to the Orcish Mines.
 26618 | D:13     | Noticed Sonja
 27127 | D:13     | Identified the +0 rapier "Femeoq" {antimagic, rPois Stlth+}
 27792 | D:13     | Found an ornate altar of the Wu Jian Council.
 27894 | D:13     | Killed Sonja
 27925 | D:13     | Found a gate to the Vaults.
 28207 | Orc:1    | Entered Level 1 of the Orcish Mines
 28302 | Orc:1    | You fall into a shaft and drop 1 floor!
 28302 | Orc:2    | Entered Level 2 of the Orcish Mines
 29105 | Orc:2    | Reached skill level 10 in Evocations
 29314 | Orc:2    | Reached skill level 15 in Summonings
 29331 | Orc:2    | Reached XP level 15. HP: 66/66 MP: 9/33
 29459 | Orc:2    | Noticed Snorg
 29468 | Orc:2    | Killed Snorg
 29487 | Orc:2    | Found a staircase to the Elven Halls.
 29513 | Orc:2    | Found a shimmering altar of Xom.
 30034 | Orc:2    | Found Poyz's Book Shoppe.
 30034 | Orc:2    | Found Lipos's Assorted Antiques.
 30036 | Orc:2    | Found Kasoniwk's Magic Scroll Boutique.
 30038 | Orc:2    | Found Xeroykk's Antique Weapon Emporium.
 30043 | Orc:2    | Bought a scroll of blinking for 210 gold pieces
 30043 | Orc:2    | Bought a scroll labelled QEPHAM NADACVA for 28 gold pieces
 30043 | Orc:2    | Bought a lightning rod (4/4) for 840 gold pieces
 30045 | Orc:2    | Bought a scroll of amnesia for 60 gold pieces
 30045 | Orc:2    | Bought a scroll of fog for 60 gold pieces
 30045 | Orc:2    | Bought a scroll of magic mapping for 112 gold pieces
 30045 | Orc:2    | Bought a scroll of noise for 15 gold pieces
 30045 | Orc:2    | Bought 3 scrolls of fear for 180 gold pieces
 30045 | Orc:2    | Bought a scroll of acquirement for 780 gold pieces
 30045 | Orc:2    | Bought a scroll of silence for 142 gold pieces
 30245 | Swamp:2  | Acquired the Precepts of the Kinetic Snowflakes
 30279 | Swamp:2  | Noticed a thorn hunter
 30286 | Swamp:2  | Killed a thorn hunter
 30658 | Swamp:2  | HP: 3/68 [swamp worm (17)]
 31327 | Lair:5   | Bought the Treatise on the Crypt for 748 gold pieces
 31453 | Lair:3   | Mangled by a redback
 31454 | Lair:3   | Reached XP level 14. HP: -7/64 MP: 25/32
 31834 | Swamp:3  | Identified the +6 quarterstaff of Theory {vorpal, +Blink
                  | rPois rC++ Int+4}
 32334 | Swamp:3  | Identified the +0 great sword of the Equator {vorpal,
                  | Stlth+}
 32721 | Swamp:4  | Entered Level 4 of the Swamp
 32721 | Swamp:4  | Identified Roxanne's Discursus on the Quarry
 32721 | Swamp:4  | Noticed Roxanne
 32876 | Swamp:4  | Noticed Louise
 32978 | Swamp:4  | Noticed a fenstrider witch
 32984 | Swamp:4  | Mangled by a fenstrider witch
 32985 | Swamp:4  | Reached XP level 13. HP: -11/60 MP: 19/32
 32997 | Swamp:4  | Killed a fenstrider witch
 32997 | Swamp:4  | Noticed a bunyip
 32999 | Swamp:4  | Reached skill level 16 in Summonings
 33010 | Swamp:4  | Killed a bunyip
 33481 | D:14     | Reached XP level 14. HP: 63/63 MP: 10/33
 34500 | D:14     | Learned a level 7 spell: Summon Hydra
 34528 | D:15     | Entered Level 15 of the Dungeon
 34886 | D:15     | Identified the +4 rapier "Seomym Relia" {holy, rPois Str+3
                  | Int+4 SInv}
 35513 | D:15     | Found a staircase to the Depths.
 35513 | D:15     | Noticed a stone giant
 35525 | D:15     | Killed a stone giant
 36813 | Spider:1 | Noticed a broodmother
 36820 | Spider:1 | Killed a broodmother
 37657 | Swamp:4  | Killed from afar by a swamp worm

Illustrated notes

Levels and vault maps discovered:
D:1:      denvon_arrival_planthouse, layout_loops_cross,
          shapermc_ecumenical_altar_mp_ritualfount, serial_shops,
          nicolae_shop_advertising_works [nicolae_subvault_shop_adworks],
          nicolae_lakefront_shop, nicolae_diamond_shop,
          nicolae_shop_temple_entry_statues_fountains, nicolae_shop_crystal,
          serial_bayou_pond_c, amcnicky_mini_pool_small, minmay_distorted
D:2:      layout_basic, basic_altar, uniq_crazy_yiuf_cottage, uniq_natasha
D:3:      layout_rooms, grunt_temple_overflow_open,
          mainiacjoe_overflow_surrounded_room, lemuel_tele_altar, serial_shops,
          nicolae_shop_stone, minmay_misc_feat_alley
D:4:      layout_basic, serial_forest, infiniplex_forest_clump_tiny,
          infiniplex_forest_clump_C, infiniplex_forest_clump_double,
          infiniplex_forest_straight_2, infiniplex_forest_end_2,
          infiniplex_forest_end_double, infiniplex_forest_straight_2
D:5:      layout_loops_cross, nicolae_ru_sacrificial_ziggurat, temple_pool_b,
          gammafunk_ghost_split, uniq_pikel
D:6:      layout_loops_cross, mainiacjoe_overflow_six_doors_small,
          enter_ossuary_2, uniq_eustachio
D:7:      layout_loops_ring
D:8:      layout_basic, mainiacjoe_overflow_boulevard, serial_shops,
          nicolae_stop_n_shop_2, uniq_amaemon, uniq_maurice
D:9:      layout_gridville, mainiacjoe_overflow_divided_tiny, marbit_many_paths
D:10:     kennysheep_windowed_halls, layout_long_grid, old_standard_altar,
          dpeg_oklobed_lair, lemuel_flamethrower_2
D:11:     layout_roguey, gauntlet_entry_generic, special_room [special_room_orc]
D:12:     layout_irregular_city, david_orc_1_choice, abandoned_shop
D:13:     minmay_ambush_box, layout_long_grid,
          hangedman_vaults_entry_quadrant_bands, serial_bayou_pond_e,
          nicolae_wu_jian_immortal_techniques, uniq_sonja
D:14:     layout_roguey, chequers_jeans, nicolae_water_bricks,
          hangedman_fish_farm
D:15:     grunt_enter_depths_snipers, layout_small_grid, roderic_malta_cross
Temple:   nicolae_temple_figure_zero
Lair:1:   layout_loops_ring, hellmonk_guarded_unrand_zhor
Lair:2:   layout_chaotic_city, skrybe_swamp_entry_bodies, tgw_fedhas,
          serial_bayou_shore_a
Lair:3:   layout_cave_pods, hellmonk_spider_entry_life_and_decay,
          gammafunk_ghost_split, uniq_nessos, uniq_gastronok
Lair:4:   layout_gridlike, nicolae_slime_entry_slimehenge, lemuel_fruit_fields,
          grunt_megastairs_4
Lair:5:   hangedman_lair_caniforms_friends, layout_loops_ring,
          hangedman_lair_tendril_chambers, special_room
          [special_room_mythical_zoo], ebering_ghost_rock_garden
Swamp:1:  layout_basic_swamp, hangedman_swamp_ruin_wall
Swamp:2:  layout_basic_swamp, nicolae_swamp_triple_paths
Swamp:3:  layout_basic_swamp, evilmike_swamp_ruin_house_4,
          infiniplex_staircase_pool
Swamp:4:  byrel_swamp_growth_death_and_undeath, layout_basic_swamp, uniq_louise,
          uniq_roxanne, uniq_mlioglotl
Spider:1: layout_spider_delve, hangedman_spider_tarantella_strand
Orc:1:    minmay_goldmine, layout_diamond_mine, basic_altar
Orc:2:    st_orc_rangers, layout_caves, basic_altar, guppyfry_orc_lava_fort,
          uniq_snorg

Skill      XL: |  1  2  3  4  5  6  7  8  9 10 11 12 13 14 |
---------------+-------------------------------------------+-----
Spellcasting   | 3 4 5 6 7 8 10 11 14 | 14.0
Summonings     | 5 6 7 8 9 10 11 16 15 | 16.0
Hexes          | 1 3 5 10 | 10.4
Fighting       | 2 3 5 8 9 |  9.3
Dodging        | 4 5 8 11 12 | 12.4
Air Magic      | 6 7 9 |  9.0
Translocations | 10 | 10.4
Evocations     | 3 5 11 10 | 11.0
Transmutations | 6 8 |  8.2
Unarmed Combat | 3 4 |  4.3
Stealth        | |  2.6

Action                   |  1- 3 |  4- 6 |  7- 9 | 10-12 | 13-15 || total
-------------------------+-------+-------+-------+-------+-------++-------
Melee: Unarmed           |     6 |       |     1 |     7 |    14 ||    28
       Bite              |       |       |       |     2 |     1 ||     3
 Cast: Summon Small Mamm |    74 |    32 |    81 |    11 |       ||   198
       Call Imp          |    11 |    17 |    39 |    36 |     1 ||   104
       Call Canine Famil |     7 |    22 |    36 |    42 |    98 ||   205
       Summon Guardian G |       |     4 |    23 |    25 |   118 ||   170
       Tukima's Dance    |       |       |    11 |     9 |    29 ||    49
       Summon Lightning  |       |       |     5 |    20 |    90 ||   115
       Summon Mana Viper |       |       |       |    57 |   188 ||   245
       Summon Forest     |       |       |       |     5 |    95 ||   100
       Summon Cactus Gia |       |       |       |     2 |   152 ||   154
       Yara's Violent Un |       |       |       |       |     4 ||     4
       Summon Hydra      |       |       |       |       |    61 ||    61
       Blink             |       |       |       |       |     6 ||     6
Invok: Call Merchant     |       |       |       |       |     3 ||     3
       Potion Petition   |       |       |       |       |     1 ||     1
Evoke: Wand              |       |       |       |       |     2 ||     2
       Box of beasts     |       |       |       |       |     1 ||     1
  Use: Scroll            |     7 |     5 |     9 |    10 |    10 ||    41
       Potion            |     2 |       |     1 |     1 |     7 ||    11
 Stab: Distracted        |       |       |       |       |     1 ||     1
Armor: Skin              |     3 |     1 |     4 |     4 |    24 ||    36
Dodge: Dodged            |    43 |    20 |    82 |   130 |   433 ||   708
Block: Other             |       |       |       |     3 |    24 ||    27

Table legend: (Time is in decaauts)
 A = Elapsed time spent in this place.
 B = Non-inter-level travel time spent in this place.
 C = Inter-level travel time spent in this place.
 D = Time resting spent in this place.
 E = Time spent auto-exploring this place.
 F = Levels seen in this place.
 G = Mean time per level.
                   A        B        C        D        E       F      G
               +--------+--------+--------+--------+--------+-----+--------+
         Total |  33915 |  30703 |   3212 |    200 |  23177 |  30 | 1130.5 |
       Dungeon |  17651 |  15603 |   2048 |      0 |  11842 |  15 | 1176.7 |
        Temple |    242 |    223 |     19 |      0 |    167 |   1 |  242.0 |
          Lair |   8604 |   7863 |    741 |    129 |   5912 |   5 | 1720.8 |
         Swamp |   3799 |   3474 |    325 |     71 |   2629 |   4 |  949.8 |
   Spider Nest |   1267 |   1257 |     10 |      0 |   1032 |   1 | 1267.0 |
  Orcish Mines |   1714 |   1648 |     66 |      0 |   1162 |   2 |  857.0 |
       Ossuary |    458 |    458 |      0 |      0 |    298 |   1 |  458.0 |
      Gauntlet |    178 |    178 |      0 |      0 |    132 |   1 |  178.0 |
               +--------+--------+--------+--------+--------+-----+--------+

Top non-repeatable levels by time:
  Lair:5: 2446 daAuts
  Lair:4: 1716 daAuts
     D:4: 1678 daAuts
 Swamp:3: 1585 daAuts
  Lair:3: 1578 daAuts
  Lair:2: 1561 daAuts
    D:10: 1525 daAuts
     D:5: 1368 daAuts
    D:13: 1340 daAuts
     D:8: 1337 daAuts
  Lair:1: 1301 daAuts
Spider:1: 1267 daAuts
     D:2: 1247 daAuts
    D:14: 1188 daAuts
    D:15: 1172 daAuts
